 Dungeon Crawl Stone Soup version 0.30-a0-576-g89cddaab80 (webtiles) character file.

Game seed: 16593608180431739112

489 kae the Changer (level 6, -8/43 HPs)
             Began as a Demonspawn Transmuter on Dec 30, 2022.
             Mangled by Edmund
             ... wielding a +2 dire flail of holy wrath
              (13 damage)
             ... on level 4 of the Dungeon.
             The game lasted 00:05:40 (3652 turns).

kae the Changer (Demonspawn Transmuter)             Turns: 3652, Time: 00:05:40

Health: -8/43      AC:  6    Str: 10    XL:     6   Next: 90%
Magic:  9/11       EV: 19    Int: 16    God:
Gold:   188        SH:  0    Dex: 19    Spells: 2/12 levels left

rFire   . . .      SeeInvis .      - Unarmed
rCold   . . .      Faith    .    (shield currently unavailable)
rNeg    . . .      Spirit   .    (body armour currently unavailable)
rPois   x          Reflect  .    (helmet currently unavailable)
rElec   .          Harm     .    (cloak currently unavailable)
rCorr   .          Rampage  .    (gloves currently unavailable)
Will    .....                    (boots currently unavailable)
Stlth   ++                       (no amulet)
HPRegen 0.27/turn                O - +4 ring of protection
MPRegen 0.12/turn                Z - ring of wizardry

@: spider-form
A: venomous fangs, tiny, (horns 1), foul stench 1, (spiny 1)
a: End Transformation


You were on level 4 of the Dungeon.
You were a venomous arachnid creature.
You visited 1 branch of the dungeon, and saw 4 of its levels.

You collected 188 gold pieces.


Innate Abilities, Weirdness & Mutations

You are a venomous arachnid creature.
You have poisonous fangs.
You are tiny and dextrous.
Your spellcasting is less reliable in this form.
Your armour is entirely melded.
You are incapable of wielding weapons or throwing items.
((You have a pair of small horns on your head.))
You may rarely emit foul miasma when damaged in melee.
((You are partially covered in sharp spines.))


   Skills:
 - Level 1.0 Fighting
 - Level 1.7 Dodging
 + Level 4.1 Unarmed Combat
 + Level 3.7 Spellcasting
 * Level 4.6 Transmutations
 * Level 1.0 Ice Magic
 - Level 1.5 Poison Magic


You had 2 spell levels left.
You knew the following spells:

 Your Spells              Type           Power      Damage    Failure   Level
a - Beastly Appendage     Tmut           34%        N/A       4%          1
b - Wereblood             Tmut           17%        N/A       4%          2
c - Spider Form           Tmut/Pois      12%        N/A       13%         3
d - Ice Form              Ice/Tmut       12%        N/A       36%         4

Your spell library contained the following spells:

 Spells                   Type           Power      Damage    Failure   Level
 Passwall                 Tmut/Erth      8%         N/A       10%         2
 Sandblast                Erth           4%         2d4       16%         1
 Stone Arrow              Conj/Erth      4%         3d7       34%         3

Inventory:

Missiles
 c - 20 stones
 g - 2 poisoned darts
 o - a throwing net {=f!f}
Armour
 a - a +1 robe (melded)
Jewellery
 f - a ring of willpower
   (You found it on level 1 of the Dungeon)
 O - a +4 ring of protection (left front leg)
   (You found it on level 3 of the Dungeon)
 Z - a ring of wizardry (right front leg)
   (You found it on level 3 of the Dungeon)
Scrolls
 k - a scroll of fog {unknown}
Potions
 b - 3 potions of lignification {!q}
 d - a potion of ambrosia
 e - a potion of magic {unknown}
 h - 2 potions of heal wounds {@q2}
 i - a potion of attraction {!q}
 j - 2 potions of curing {@q1}
 l - a potion of mutation {unknown}
 m - 2 potions of might {unknown}
 n - a potion of haste {unknown}

Dungeon Overview and Level Annotations

Branches:
Dungeon (4/15) Zot: 20364
 Temple: D:4-7

Altars:

Annotations:
D:4 Edmund

#..........###.#........##..#...#
.........[..............#..####..
.....†.............#.#.##.#####..
................#.####.....##....
.............>##### ##....##..##
..............## ##...........
...............#### #............
........###.....#.###............
..#...†..#.....@s....<...........
.#.......#.........###...........
........##........###............
##.........#..##.## ##...........
###.......###.##..# .....>......
.##.......# #..#.## ............
###.......# ..# ............
.##........ ..# .......<....
.##........ ............


You could see Edmund (extremely poisoned).


Message History

😎 MP[-3]
You lost 3 mp, and now have 8/11 mp.
The goblin misses you.
You completely miss the goblin. You bite the goblin!
You kill the goblin!
No target in view!
No target in view!
Unknown command.
Things that are here:
a +0 dagger; a goblin corpse
Z - a ring of wizardry 😎 MP[+1] Unknown command.
Z - a ring of wizardry (right front leg)
Your transformation is almost over.
Your transformation has ended.
Your +1 robe unmelds from your body.
O - a +4 ring of protection 😎 MP[+2]
Your mp is fully restored (11).
Okay, then.
A giant cockroach is nearby!
A giant cockroach is nearby!
Casting: Spider Form (dangerous; 6% risk of failure)
Confirm with . or Enter, or press ? or * to list all spells.
You turn into a venomous arachnid creature.
Your +1 robe melds into your body.
The giant cockroach completely misses you. x2 😎 MP[-3]
You lost 3 mp, and now have 8/11 mp.
You hit the giant cockroach.
The giant cockroach is poisoned.
You kill the giant cockroach!
No target in view!
No target in view!
No target in view!
Your transformation is almost over.
Your transformation has ended.
Your +1 robe unmelds from your body. 😎 MP[+1] You're wearing all the rings you can.
Remove which one? (? for menu, Esc to cancel) < or
f - a ring of willpower; > or
Z - a ring of wizardry You remove your ring of willpower.
O - a +4 ring of protection (left hand)
o - a throwing net {=f!f} Key pressed, stopping explore.
You see here a +0 whip.
Done exploring. 😎 MP[+2]
Your mp is fully restored (11).
Done exploring.
(D) Dungeon
Where to? (Enter - D:3, ? - help)
There is a stone staircase leading down here.
You climb downwards.
Level annotation: Edmund
Found an escape hatch in the ceiling.
Found a stone staircase leading down.
There is a stone staircase leading up here.
Okay, then.
Found a stone staircase leading up.
You now have 188 gold pieces (gained 17).
There is an escape hatch in the ceiling here.
Edmund is nearby!
Edmund is nearby!
Edmund is nearby!
Casting: Spider Form (dangerous; 6% risk of failure)
Confirm with . or Enter, or press ? or * to list all spells.
You turn into a venomous arachnid creature.
Your +1 robe melds into your body.
Edmund shouts! 😎 MP[-3]
You lost 3 mp, and now have 8/11 mp.
You bite Edmund!
Edmund is poisoned.
Edmund clears his throat.
Edmund closely misses you.
You completely miss Edmund.
Edmund hits you with a +2 dire flail of holy wrath.
You convulse. 😕 HP[-9]
You take 9 damage, and now have 34/43 hp.
MASSIVE DAMAGE!! (PAUSE)
You hit Edmund.
Edmund looks as sick as possible!
Edmund misses you.
Unknown command.
You hit Edmund.
Edmund looks as sick as possible!
Edmund hits you with a +2 dire flail of holy wrath!
You convulse!
* * * LOW HITPOINT WARNING * * *
😨 HP[-15]
You take 15 damage, and now have 19/43 hp.
MASSIVE DAMAGE!! (PAUSE)
You completely miss Edmund.
Edmund hits you but does no damage. 😨 MP[+1] Unknown command.
You barely miss Edmund. Edmund hits you but does no damage.
You hit Edmund.
Edmund looks as sick as possible!
Edmund hits you with a +2 dire flail of holy wrath!
* * * LOW HITPOINT WARNING * * *
You convulse!
You die...

Skill      XL: |  1  2  3  4  5  6 |
---------------+-------------------+-----
Transmutations | 2 3 4 |  4.6
Unarmed Combat | 3 4 |  4.1
Spellcasting   | 3 |  3.7
Poison Magic   | 1 |  1.5
Ice Magic      | 1 |  1.0
Fighting       | |  1.0
Dodging        | |  1.7

Action                   |  1- 3 |  4- 6 || total
-------------------------+-------+-------++-------
Melee: Unarmed           |   114 |   112 ||   226
       Kick              |    23 |     6 ||    29
       Headbutt          |    13 |     9 ||    22
       Punch             |       |     1 ||     1
 Cast: Beastly Appendage |    20 |     6 ||    26
       Wereblood         |     1 |     3 ||     4
       Spider Form       |     1 |    22 ||    23
  Use: Scroll            |     2 |     2 ||     4
 Stab: Sleeping          |       |     1 ||     1
Armor: Robe              |    24 |     3 ||    27
       Skin              |       |     7 ||     7
Dodge: Dodged            |    71 |    83 ||   154

Levels and vault maps discovered:
D:1:      shiori_arrival_maze, layout_basic, minmay_lizard_pond
D:2:      layout_basic, fountainhead, uniq_crazy_yiuf_cottage, uniq_sigmund
D:3:      layout_basic
D:4:      layout_cave_pools, uniq_edmund

Notes
Turn   | Place    | Note
-------+----------+-------------------------------------------
     0 | D:1      | kae the Demonspawn Transmuter began the quest for the Orb.
     0 | D:1      | Reached XP level 1. HP: 15/15 MP: 3/3
     0 | D:1      | magus.rc [v1.11.3]
   104 | D:1      | Reached skill level 2 in Transmutations
   130 | D:1      | You pick up a book of Geomancy and begin reading...
   130 | D:1      | You add the spells Sandblast, Passwall and Stone Arrow to
                  | your library.
   233 | D:1      | Mutation became permanent: You have a pair of small horns
                  | on your head. [demonic ancestry]
   233 | D:1      | Gained mutation: You have a pair of horns on your head.
                  | [demonic ancestry]
   233 | D:1      | Reached XP level 2. HP: 19/21 MP: 3/5
   258 | D:1      | Learned a level 2 spell: Wereblood
   818 | D:1      | Reached skill level 3 in Unarmed Combat
   904 | D:1      | Reached XP level 3. HP: 20/26 MP: 4/6
   908 | D:1      | Learned a level 3 spell: Spider Form
  1151 | D:2      | Identified the +8 mace "Zuolukk" {heavy, Str+8 Int+2}
  1355 | D:2      | Noticed Sigmund
  1365 | D:2      | Killed Sigmund
  1366 | D:2      | Reached skill level 3 in Spellcasting
  1366 | D:2      | Reached skill level 3 in Transmutations
  1366 | D:2      | Reached skill level 1 in Poison Magic
  1366 | D:2      | Reached XP level 4. HP: 27/32 MP: 0/8
  1366 | D:2      | Gained mutation: You may rarely emit foul miasma when
                  | damaged in melee. [demonic ancestry]
  1366 | D:2      | Reached XP level 5. HP: 31/37 MP: 0/9
  1532 | D:2      | You fall into a shaft and drop 2 floors!
  1548 | D:4      | Noticed Edmund
  1568 | D:4      | Reached skill level 4 in Transmutations
  1622 | D:4      | Gained mutation: You are partially covered in sharp spines.
                  | [demonic ancestry]
  1622 | D:4      | Reached XP level 6. HP: 29/43 MP: 8/11
  1892 | D:3      | Reached skill level 4 in Unarmed Combat
  1902 | D:3      | HP: 8/43 [adder (3)]
  1907 | D:3      | HP: 4/43 [poisoned by an adder]
  2032 | D:3      | Learned a level 4 spell: Ice Form
  2259 | D:2      | You pick up a book of Geomancy and begin reading...
  2842 | D:2      | Found a runed translucent door.
  2843 | D:2      | Noticed Crazy Yiuf
  3014 | D:2      | Killed Crazy Yiuf
  3114 | D:3      | Reached skill level 1 in Ice Magic
  3652 | D:4      | HP: 5/43 [Edmund/+2 dire flail of holy wrath (14)]
  3652 | D:4      | Mangled by Edmund

Vanquished Creatures
  Sigmund (D:2)
  A scorpion (D:4)
  An orc priest (D:3)
  Crazy Yiuf (D:2)
  3 hounds (D:4)
  3 adders
  3 worms
  5 dart slugs
  9 orcs (D:3)
  4 bats (D:1)
  6 endoplasms
  4 giant cockroaches
  10 goblins
  4 hobgoblins
  3 jackals (D:1)
  3 quokkas
  6 ball pythons
  8 frilled lizards (D:1)
  5 kobolds
  A rat (D:3)
81 creatures vanquished.

Table legend:
 A = Non-vault XP
 B = Vault XP
 C = Vault XP percentage of total XP
 D = Non-vault monster count
 E = Vault monster count
 F = Vault count percentage of total count
                 A         B        C        D         E       F
            +---------+---------+-------+---------+---------+-------
      Total |     424 |     275 |  39.3 |      69 |      12 |  14.8
            +---------+---------+-------+---------+---------+-------
        D:1 |      36 |      12 |  25.0 |      18 |      10 |  35.7
        D:2 |      61 |     263 |  81.2 |      21 |       2 |   8.7
        D:3 |     104 |       0 |   0.0 |      22 |       0 |   0.0
        D:4 |     223 |       0 |   0.0 |       8 |       0 |   0.0
            +---------+---------+-------+---------+---------+-------

Illustrated notes

Table legend:
 A = Kills in this place as a percentage of kills in entire the game.
 B = Kills by you in this place as a percentage of kills by you in the entire game.
 C = Kills by friends in this place as a percentage of kills by friends in the entire game.
 D = Other kills in this place as a percentage of other kills in the entire game.
 E = Experience gained in this place as a percentage of experience gained in the entire game.
 F = Experience gained in this place divided by the number of levels of this place that you have seen.
                   A       B       C       D       E      F
               +-------+-------+-------+-------+-------+----------------------
         Total | 100.0 | 100.0 |   N/A |   N/A | 100.0 | 174.8
       Dungeon | 100.0 | 100.0 |   N/A |   N/A | 100.0 | 174.8
               +-------+-------+-------+-------+-------+----------------------

Table legend: (Time is in decaauts)
 A = Elapsed time spent in this place.
 B = Non-inter-level travel time spent in this place.
 C = Inter-level travel time spent in this place.
 D = Time resting spent in this place.
 E = Time spent auto-exploring this place.
 F = Levels seen in this place.
 G = Mean time per level.
                   A        B        C        D        E       F      G
               +--------+--------+--------+--------+--------+-----+--------+
         Total |   3634 |   3561 |     73 |     96 |   2820 |   4 |  908.5 |
       Dungeon |   3634 |   3561 |     73 |     96 |   2820 |   4 |  908.5 |
               +--------+--------+--------+--------+--------+-----+--------+

Top non-repeatable levels by time:
     D:2: 1348 daAuts
     D:1: 1132 daAuts
     D:3: 851 daAuts
     D:4: 303 daAuts
